 Dungeon Crawl Stone Soup version 0.21.1-1-g345015f (webtiles) character file.

70 inc the Conjurer (level 4, 0/27 HPs)
             Began as an Octopode Conjurer on June 11, 2018.
             Slain by an adder (3 damage)
             ... on level 2 of the Dungeon.
             The game lasted 00:02:16 (1662 turns).

inc the Conjurer (Octopode Conjurer)                Turns: 1662, Time: 00:02:16

Health: 0/27       AC:  1    Str:  7    XL:     4   Next: 21%
Magic:  1/7        EV: 13    Int: 18    God:
Gold:   59         SH:  0    Dex: 12    Spells: 6/7 levels left

rFire    . . .     SeeInvis .   p - +0 dagger (vamp)
rCold    . . .     Gourm    .   (no shield)
rNeg     . . .     Faith    .   (helmet restricted)
rPois    .         Spirit   .   (no amulet)
rElec    .         Reflect  .   (no ring)
rCorr    .         Harm     .   (no ring)
MR       .....                  (no ring)
Stlth    +++.......             (no ring)
HPRegen  0.09/turn              (no ring)
MPRegen  0.10/turn              (no ring)
                                (no ring)
                                (no ring)

@: lethally poisoned (0 -> -6)
A: almost no armour, stealthy swim, amphibious, 8 rings, constrict 8, camouflage
1, gelatinous body 1
a: no special abilities


You were on level 2 of the Dungeon.
You were not hungry.

You visited 1 branch of the dungeon, and saw 2 of its levels.

You collected 59 gold pieces.

Inventory:

Hand Weapons
 f - a +2 short sword of venom
 o - a +2 hand axe of venom
 p - a +0 vampiric dagger (weapon)
Jewellery
 i - an uncursed ring of protection from cold {unknown}
Scrolls
 d - 2 scrolls of identify {unknown}
 e - a scroll of remove curse {unknown}
 g - a scroll of fear {unknown}
 l - a scroll of immolation {unknown}
 m - 3 scrolls of magic mapping {unknown}
Potions
 h - a potion of heal wounds {unknown}
 j - a potion of might {unknown}
 k - 3 potions of brilliance {unknown}
 n - a potion of haste {unknown}
 q - a potion of flight {unknown}
Books
 a - a book of Conjurations

   Spells                             Type                      Level
   a - Magic Dart                     Conjuration                  1
   b - Searing Ray                    Conjuration                  2
   c - Dazzling Spray                 Conjuration/Hexes            3
   d - Fulminant Prism                Conjuration/Hexes            4
   e - Force Lance                    Conjuration/Translocation    4
   f - Iskenderun's Mystic Blast      Conjuration                  4
Comestibles
 b - 3 rations
 c - 3 chunks of flesh


   Skills:
 - Level 2.0 Dodging
 - Level 2.6 Stealth
 - Level 2.0 Spellcasting
 + Level 5.6 Conjurations


You had 6 spell levels left.
You knew the following spells:

 Your Spells              Type           Power        Failure   Level  Hunger
a - Magic Dart            Conj           ###.         1%          1    #......


Dungeon Overview and Level Annotations

Branches:
Dungeon (2/15)

Altars:


Innate Abilities, Weirdness & Mutations

You cannot wear most types of armour.
You are very stealthy in the water. (Stealth+)
You are amphibious.
You can wear up to eight rings at the same time.
You can use your tentacles to constrict eight enemies at once.
Your skin changes colour to match your surroundings (Stealth+).
Your rubbery body absorbs attacks. (AC +1, EV +1)


Message History

You don't have enough magic to cast that spell.
Unknown command.
The adder bites you. The adder bites you. The adder bites you.
The adder bites you.
* * * LOW HITPOINT WARNING * * *
The adder bites you.
* * * LOW HITPOINT WARNING * * *
You are lethally poisoned!
The adder poisons you!
You closely miss the adder. You grab the adder.
The adder is lightly wounded.
You constrict the adder.
* * * LOW HITPOINT WARNING * * *
You feel sick. The adder closely misses you.
You hit the adder.
The adder is heavily wounded.
You constrict the adder. The adder bites you.
You die...

....# .....# ################
#.....# #>..........)..##
#.....#
#.############..######.....#
#.#############.#..........##
#...........†@SS.............
#.##############..#......##
####.# .........#......#
.....# ........)#......##
###### .........###.....#
.............##..####
....####.(....#...... ....
##.....#.####. ..( #.....#)#


You could see 2 adders.

Vanquished Creatures
  2 adders (D:2)
  2 oozes (D:1)
  A worm (D:2)
  2 leopard geckos
  A giant cockroach (D:1)
  6 goblins
  5 hobgoblins
  4 jackals (D:1)
  A bat (D:1)
  3 frilled lizards
  5 kobolds
  5 rats
37 creatures vanquished.

Notes
Turn   | Place    | Note
-------+----------+-------------------------------------------
     0 | D:1      | inc the Octopode Conjurer began the quest for the Orb.
     0 | D:1      | Reached XP level 1. HP: 11/11 MP: 3/3
   249 | D:1      | Reached XP level 2. HP: 9/17 MP: 1/5
   863 | D:1      | Reached skill level 5 in Conjurations
   863 | D:1      | Reached XP level 3. HP: 21/21 MP: 1/6
  1503 | D:2      | Reached XP level 4. HP: 13/27 MP: 1/7
  1662 | D:2      | Slain by an adder

Skill      XL: |  1  2 |
---------------+-------+-----
Conjurations   | 5 |  5.6
Dodging        | |  2.0
Stealth        | |  2.6
Spellcasting   | |  2.0

Action                   |  1- 3 |  4- 6 || total
-------------------------+-------+-------++-------
Melee: Unarmed           |    23 |       ||    23
       Constrict         |     7 |     3 ||    10
       Tentacles         |     8 |     1 ||     9
       Short sword       |    18 |     4 ||    22
       Dagger            |       |     8 ||     8
 Cast: Magic Dart        |    38 |    11 ||    49
  Use: Potion            |     2 |     1 ||     3
 Stab: Sleeping          |     1 |       ||     1
  Eat: Chunk             |     2 |     1 ||     3
       Ration            |       |     2 ||     2
Armor: Skin              |     4 |       ||     4
Dodge: Dodged            |    32 |     9 ||    41
